 Dungeon Crawl Stone Soup version 0.24-a0-246-gb963c9a (webtiles) character file.

Game seed: 10705542724636717480

419 MatthieuS the Covert (level 6, -1/52 HPs)
             Began as a Naga Wanderer on Apr 12, 2019.
             Slain by an ooze (2 damage)
             ... on level 4 of the Dungeon.
             The game lasted 00:05:40 (3543 turns).

MatthieuS the Covert (Naga Wanderer)                Turns: 3543, Time: 00:05:41

Health: -1/52      AC:  8    Str: 18    XL:     6   Next: 93%
Magic:  6/6        EV:  7    Int: 16    God:
Gold:   228        SH:  0    Dex:  9    Spells: 5/5 levels left

rFire    . . .     SeeInvis +   s - +4 quarterstaff (chaos)
rCold    + . .     Gourm    .   (shield currently unavailable)
rNeg     . . .     Faith    .   b - +2 scale mail
rPois    +         Spirit   .   (no helmet)
rElec    .         Reflect  .   m - +0 cloak
rCorr    .         Harm     .   (no gloves)
MR       .....                  (no barding)
Stlth    +++.......             (no amulet)
HPRegen  0.17/turn              u - +4 ring of intelligence
MPRegen  0.10/turn              y - ring of protection from cold

@: very slow
A: large, see invisible, deformed body, poison resistance, slowness 2, slow
metabolism 1, spit poison 1, AC +2
a: Spit Poison


You were on level 4 of the Dungeon.
You were not hungry.

You visited 1 branch of the dungeon, and saw 4 of its levels.

You collected 228 gold pieces.

Inventory:

Hand Weapons
 a - a +0 mace
 s - a +4 quarterstaff of chaos (weapon)
   (You took it off Crazy Yiuf on level 2 of the Dungeon)
Armour
 b - a +2 scale mail (worn)
 c - a +0 buckler
 m - a +0 cloak (worn)
   (You took it off Crazy Yiuf on level 2 of the Dungeon)
Jewellery
 u - a +4 ring of intelligence (left hand)
   (You found it on level 3 of the Dungeon)
 y - a ring of protection from cold (right hand)
   (You found it on level 4 of the Dungeon)
Scrolls
 d - 6 scrolls of identify {unknown}
 h - a scroll of remove curse {unknown}
 i - 2 scrolls of random uselessness {unknown}
 j - 3 scrolls of enchant armour {unknown}
 l - 2 scrolls of magic mapping {unknown}
 n - 2 scrolls of teleportation {unknown}
 o - 2 scrolls of immolation {unknown}
 p - 2 scrolls of fog {unknown}
 q - 2 scrolls of blinking {unknown}
 r - a scroll of fear {unknown}
Potions
 g - a potion of heal wounds {unknown}
 k - a potion of resistance {unknown}
 t - a potion of lignification {unknown}
 v - 2 potions of berserk rage {unknown}
 x - a potion of invisibility {unknown}
 z - a potion of mutation {unknown}
 A - a potion of brilliance
Comestibles
 e - 8 rations
 B - 5 chunks of flesh


   Skills:
 - Level 2.0 Fighting
 - Level 3.0 Maces & Flails
 - Level 2.4 Armour
 + Level 10.7 Stealth
 - Level 1.0 Shields


You had 5 spell levels left.
You didn't know any spells.
Your spell library was empty.

Dungeon Overview and Level Annotations

Branches:
Dungeon (4/15)
 Temple: D:4-7

Altars:
Zin

Annotations:
D:1 1 runed translucent door


Innate Abilities, Weirdness & Mutations

You cannot wear boots.
Your serpentine skin is tough. (AC +2)
You have supernaturally acute eyesight. (SInv)
Armour fits poorly on your strangely shaped body.
Your system is resistant to poisons. (rPois)
You cover ground very slowly.
You have a slow metabolism.
You can spit poison.


Message History

The gnoll hits you but does no damage. The gnoll misses you.
The gnoll hits you but does no damage.
You sock the gnoll! The gnoll hits you but does no damage.
The ooze closely misses you. The gnoll barely misses you.
The gnoll hits you but does no damage. The gnoll hits you with a +0 spear.
* * * LOW HITPOINT WARNING * * *
You sock the gnoll!
You kill the gnoll!
The ooze closely misses you. The gnoll closely misses you.
The gnoll hits you but does no damage.
Unknown command.
You hit the gnoll but do no damage. The ooze hits you but does no damage.
The gnoll hits you but does no damage. x2
You closely miss the gnoll. The ooze closely misses you. The gnoll misses you.
The gnoll completely misses you. The ooze misses you. The gnoll hits you.
* * * LOW HITPOINT WARNING * * *
You closely miss the gnoll. The gnoll hits you with a +0 club.
* * * LOW HITPOINT WARNING * * *
The ooze hits you but does no damage. The gnoll hits you.
* * * LOW HITPOINT WARNING * * *
You hit the gnoll.
The gnoll seems to speed up.
The gnoll closely misses you. The gnoll misses you.
The ooze hits you but does no damage. The gnoll barely misses you.
You hit the gnoll. You burn the gnoll. The gnoll hits you but does no damage.
The gnoll hits you.
* * * LOW HITPOINT WARNING * * *
The ooze closely misses you.
You feel better. The gnoll hits you.
* * * LOW HITPOINT WARNING * * *
The gnoll barely misses you. The ooze hits you but does no damage.
The gnoll hits you.
* * * LOW HITPOINT WARNING * * *
You sock the gnoll!
You kill the gnoll!
The ooze hits you.
* * * LOW HITPOINT WARNING * * *
The gnoll hits you but does no damage. The ooze closely misses you.
You barely miss the gnoll. The gnoll barely misses you. The ooze hits you.
* * * LOW HITPOINT WARNING * * *
The gnoll misses you.
It was a potion of brilliance.
You feel clever all of a sudden. The ooze hits you.
* * * LOW HITPOINT WARNING * * *
It was a potion of cancellation.
Your magical effects are unravelling.
You feel magically purged.
You feel a little less clever now.
You feel a little less agile now. The gnoll hits you but does no damage.
The ooze hits you.
You die...

##..# #........ _....
#........
#8..8##.......# .
......#.....# ..##
#..........
.....###...†...... #
#...#............ .#.
#....#)J.....### ...##
#...##@......#
#....####...g†......#
....................#
........#.............
........#...........#..
.........##.........##.
.........#####....#..
....###..### ####.##.
......##.....##.###...


You could see a gnoll and an ooze.

Vanquished Creatures
  Sigmund (D:2)
  A hound (D:4)
  Crazy Yiuf (D:2)
  2 bullfrog skeletons (D:4)
  4 adders
  2 gnolls (D:4)
  2 oozes (D:2)
  3 dart slugs
  5 leopard geckos
  3 orcs
  6 giant cockroaches
  6 goblins
  3 hobgoblins
  4 jackals (D:3)
  6 kobolds
  2 quokkas
  7 bats
  A frilled lizard (D:4)
  5 rats
64 creatures vanquished.

Notes
Turn   | Place    | Note
-------+----------+-------------------------------------------
     0 | D:1      | MatthieuS the Naga Wanderer began the quest for the Orb.
     0 | D:1      | MatthieuS set off with the following items: a +0 mace, a +2
                  | scale mail, a +0 buckler, a ration
     0 | D:1      | Reached XP level 1. HP: 19/19 MP: 1/1
     1 | D:1      | Found a runed translucent door.
     4 | D:1      | Noticed a jelly
    44 | D:1      | Reached skill level 2 in Stealth
   227 | D:1      | Reached skill level 3 in Stealth
   227 | D:1      | Reached XP level 2. HP: 24/26 MP: 2/2
   307 | D:1      | Reached skill level 4 in Stealth
  1165 | D:2      | Reached XP level 3. HP: 32/32 MP: 3/3
  1397 | D:2      | Noticed Sigmund
  1416 | D:2      | Killed Sigmund
  1416 | D:2      | Reached skill level 8 in Stealth
  1416 | D:2      | Reached XP level 4. HP: 8/39 MP: 4/4
  1416 | D:2      | Reached XP level 5. HP: 9/45 MP: 5/5
  1810 | D:2      | Found a runed translucent door.
  1811 | D:2      | Noticed Crazy Yiuf
  2006 | D:2      | Reached skill level 9 in Stealth
  2233 | D:2      | Killed Crazy Yiuf
  2233 | D:2      | Reached XP level 6. HP: 31/52 MP: 6/6
  3365 | D:4      | Reached skill level 10 in Stealth
  3514 | D:4      | Found a glowing silver altar of Zin.
  3541 | D:4      | HP: 2/52 [ooze (4)]
  3543 | D:4      | Slain by an ooze

Levels and vault maps discovered:
D:1:      dpeg_arrival_caged_fury, layout_loops_ring,
          wander_ebering_terrifying_dragon_lair
D:2:      layout_basic, uniq_sigmund, uniq_crazy_yiuf_cottage
D:3:      layout_loops_corners
D:4:      layout_cave_pools, minitemple, serial_shops, shop,
          kennysheep_generic_room_15

Skill      XL: |  1  2  3  4  5  6 |
---------------+-------------------+-----
Stealth        | 3 4 8 9 10 | 10.7
Fighting       | |  2.0
Maces & Flails | |  3.0
Armour         | |  2.4
Shields        | |  1.0

Action                   |  1- 3 |  4- 6 || total
-------------------------+-------+-------++-------
Melee: Mace              |   100 |    44 ||   144
       Quarterstaff      |       |    76 ||    76
 Abil: Spit Poison       |     2 |     3 ||     5
  Use: Potion            |     1 |     6 ||     7
 Stab: Sleeping          |       |     9 ||     9
  Eat: Chunk             |     1 |     3 ||     4
       Ration            |       |     1 ||     1
Armor: Scale mail        |    74 |    95 ||   169
Dodge: Dodged            |    45 |    81 ||   126
Block: Buckler           |    22 |     2 ||    24

Table legend:
 A = Non-vault XP
 B = Vault XP
 C = Vault XP percentage of total XP
 D = Non-vault monster count
 E = Vault monster count
 F = Vault count percentage of total count
                 A         B        C        D         E       F
            +---------+---------+-------+---------+---------+-------
      Total |     323 |     276 |  46.1 |      61 |       3 |   4.7
            +---------+---------+-------+---------+---------+-------
        D:1 |      30 |       3 |   9.1 |      15 |       1 |   6.2
        D:2 |      47 |     273 |  85.3 |      12 |       2 |  14.3
        D:3 |      66 |       0 |   0.0 |      23 |       0 |   0.0
        D:4 |     180 |       0 |   0.0 |      11 |       0 |   0.0
            +---------+---------+-------+---------+---------+-------
